 Dungeon Crawl Stone Soup version 0.21-a0-91-ga5031da (webtiles) character file.

2378462 kuniqs the Rapturous (level 27, 156/156 HPs)
             Began as a Vine Stalker Berserker on June 29, 2017.
             Was a Follower of Uskayaw.
             Escaped with the Orb
             ... and 4 runes on June 30, 2017!
             The game lasted 03:00:53 (70297 turns).

kuniqs the Rapturous (Vine Stalker Berserker)      Turns: 70297, Time: 03:00:54

Health: 156/156    AC: 46    Str: 26    XL:     27
Magic:  38/38      EV: 16    Int: 20    God:    Uskayaw [*.....]
Gold:   7692       SH: 26    Dex: 18    Spells: 26/26 levels left

rFire    + + .     SeeInvis .   j - +9 quick blade (flame)
rCold    + + .     Gourm    .   D - +2 large shield
rNeg     . . .     Faith    .   F - +7 gold dragon scales
rPois    +         Spirit   +   h - +2 hat {Int+3}
rElec    +         Reflect  .   z - +1 cloak {+Inv}
rCorr    .         Harm     .   L - +2 pair of gloves
MR       +++..                  G - +2 pair of boots
Stlth    ..........             N - amulet of Deuddas {rElec rF+ Regen+ Int+10 Dex-5}
HPRegen  1.56/turn              R - +5 ring of protection
MPRegen  0.26/turn              Z - +4 ring of slaying

@: hasted, very quick
A: fangs 3, cold resistance 1, deterioration 1, regeneration 2, strong 1, magic
shield, antimagic bite, no potion heal 3, rot immunity
0: Orb of Zot
}: 4/15 runes: decaying, serpentine, slimy, silver
a: Stomp, Renounce Religion, Evoke Invisibility


You escaped.
You worshipped Uskayaw.
Uskayaw was greatly pleased with you.
You were full.

You visited 13 branches of the dungeon, and saw 59 of its levels.
You visited 1 bazaar.
You visited 1 ziggurat, and saw 6 of its levels.
You also visited: Labyrinth.

You collected 10680 gold pieces.
You spent 2988 gold pieces at shops.

Inventory:

Hand Weapons
 j - a +9 quick blade of flaming (weapon)
Missiles
 s - 4 throwing nets (quivered)
Armour
 h - a +2 hat of intelligence (worn)
 y - the +15 Maxwell's patent armour {-Cast -Tele rElec MR+ rCorr}
   (You took it off a deep elf blademaster on level 3 of the Elven Halls)

   It insulates you from electricity.
   It affects your resistance to hostile enchantments.
   It prevents spellcasting.
   It prevents most forms of teleportation.
   It protects you from acid and corrosion.
 z - a +1 cloak of invisibility (worn)
 D - a +2 large shield (worn)
 F - +7 gold dragon scales (worn)
 G - a +2 pair of boots (worn)
 L - a +2 pair of gloves (worn)
Jewellery
 N - the amulet of Deuddas (around neck) {rElec rF+ Regen+ Int+10 Dex-5}
   (You found it on level 2 of the Depths)

   [amulet of regeneration]

   It affects your intelligence (+10).
   It affects your dexterity (-5).
   It protects you from fire.
   It insulates you from electricity.
   It increases your rate of regeneration.
 R - a +5 ring of protection (left hand)
 Z - a +4 ring of slaying (right hand)
Wands
 n - a wand of iceblast (6/15)
 x - a wand of clouds (6/9)
 H - a wand of acid (4/15)
 J - a wand of paralysis (7/24)
 T - a wand of digging (2/24)
 V - a wand of scattershot (2/9)
Scrolls
 b - 7 scrolls of immolation
 c - 3 scrolls of identify {@r1}
 i - 22 scrolls of teleportation
 l - 4 scrolls of recharging
 m - 8 scrolls of fog
 p - 14 scrolls of remove curse {@r2}
 t - 6 scrolls of fear
 v - 2 scrolls of silence
 B - 6 scrolls of blinking
 M - 3 scrolls of summoning
 P - 2 scrolls of holy word
Potions
 g - 18 potions of curing {@q1}
 k - 2 potions of might
 o - 2 potions of flight
 r - 7 potions of agility
 u - 3 potions of cancellation
 w - 4 potions of invisibility
 C - 5 potions of mutation
 O - 2 potions of berserk rage
Miscellaneous
 A - a fan of gales
 I - a lightning rod (3/4)
 S - 2 sacks of spiders
 U - a lamp of fire
Comestibles
 a - 16 royal jellies
 d - 21 bread rations
 e - 23 meat rations
 f - 3 fruits


   Skills:
 + Level 19.8 Fighting
 - Level 8.1 Short Blades
 + Level 18.5 Armour
 + Level 18.3 Dodging
 - Level 12.6 Stealth
 + Level 20.5 Shields
 + Level 21.3 Invocations
 - Level 13.5 Evocations


You had 26 spell levels left.
You didn't know any spells.

Dungeon Overview and Level Annotations

Branches:
Dungeon (15/15)            Temple (1/1) D:5            Lair (6/6) D:8
  Swamp (4/4) Lair:4        Snake (4/4) Lair:2        Slime (5/5) Lair:6
    Orc (2/2) D:12            Elf (3/3) Orc:2        Vaults (5/5) D:14
  Crypt (3/3) Vaults:3       Tomb (1/3) Crypt:3      Depths (5/5) D:15
    Zot (5/5) Depths:5

Altars:
Ashenzari
Cheibriados
Dithmenos
Elyvilon
Gozag
Hepliaklqana
Kikubaaqudgha
Nemelex Xobeh
Okawaru
Qazlal
Ru
Trog
Uskayaw
Wu Jian
Yredelemnul
The Shining One
Jiyva

Shops:
D:5 [   Orc:2 *:?*   Elf:2 =   Snake:2 (?   Vaults:2 :   Vaults:3 ?
Vaults:5 [}(%![!   Depths:3 }=}   Depths:5 [

Portals:
Hell: Depths:1 Depths:2 Depths:3 Depths:4 Depths:5
Abyss: Depths:4
Pandemonium: Depths:3 Depths:4 Depths:5
Trove: Vaults:1 (give 3 potions of resistance)

Annotations:
Swamp:1 exclusion: Roxanne, Roxanne
Snake:3 Mara
Depths:1 exclusion: orange crystal statue
Depths:2 exclusion: 2 orange crystal statues


Innate Abilities, Weirdness & Mutations

You have razor-sharp teeth.
You heal very quickly.
When hurt, damage is shared between your health and your magic reserves.
Your bite disrupts and absorbs the magic of your enemies.
Potions cannot restore your health.
You are immune to rotting.
Your flesh is cold resistant. (rC+)
Your body sometimes deteriorates upon taking damage.
Your muscles are strong. (Str +2)


Message History

You hit the orange demon but do no damage.
You bite the orange demon. You drain its power.
You feel yourself speed up.
The orange demon stings you but does no damage.
You block the orange demon's attack.
Your shield and gold dragon scales prevent you from hitting the orange demon.
You hit the orange demon. You burn the orange demon. You bite the orange demon!
You drain its power. You block the orange demon's attack. x2
You impale the orange demon!! You burn the orange demon.
You kill the orange demon!
No target in view!
(D) Dungeon (T) Temple (L) Lair (S) Swamp (P) Snake Pit (M) Slime Pits (O) Orcish Mines (E) Elven Halls (V) Vaults (C) Crypt (W) Tomb (U) Depths (H) Hell (Z) Zot
Where to? (Enter - D:1 @ (x,y), ? - help)
There is an open door here.
There is an open door here.
There is a staircase leading out of the dungeon here.
You have escaped!

#..(.###..##.###.#####....#
#....#...###.#...#...#....#
#)..##.#####.#.###.#.##...#
#..+##.####..#.....#..#'..#
#..#......#.##.######..#..#
#.#######.#..#.##...#####.#
#.# #...#.##'#+##.#.#...#.#
#.###.#.#.##...##.#.#.#.#.#
#.'.#.#.#..'.@.'..#.#.#.+.#
#.#.#.#.#.##...##.#.#.###.#
#.#...#.#.##'#'##.#...# #.#
#.#####...##.#..#.#######.#
#..#..######.##.#......#..#
#..'#..#.....#..####.##'..#
#...##.#.#####.#####.##.(.#
#....#...#.....###...#....#
##
#....#####.###.##..###....#
#.


There were no monsters in sight!

Vanquished Creatures
  the Royal Jelly (Slime:5)
  A pandemonium lord (Zot:5)
  3 orbs of fire (Zot:5)
  Mennas (Crypt:2)
  2 ancient liches
  Bai Suzhen (Swamp:4)
  Margery (Vaults:4)
  3 Killer Klowns (Zot:5)
  2 curse toes (Zot:5)
  10 golden dragons
  A bone dragon (Crypt:3)
  Jorgrun (Swamp:3)
  2 Tzitzimimeh
  An electric golem (Zot:5)
  13 tentacled monstrosities
  4 liches
  24 Orb Guardians
  4 titans (Vaults:5)
  3 deep elf blademasters
  A deep elf master archer (Zig:5)
  14 acid blobs
  Asterion (Snake:2)
  3 quicksilver dragons
  An Executioner (D:3)
  A thorn hunter (Swamp:4)
  Kirke (Swamp:3)
  5 sphinxes
  2 death cobs
  13 nagarajas
  7 storm dragons
  8 draconian monks
  10 shadow dragons
  3 tengu reavers
  11 fire giants
  2 daevas (Zig:4)
  4 draconian knights
  2 revenants (Zig:3)
  8 frost giants
  7 azure jellies
  6 iron dragons
  14 deep elf sorcerers
  A ghost moth (Zot:1)
  3 orc warlords
  17 vault wardens
  3 draconian scorchers
  5 draconian shifters
  A juggernaut zombie (Depths:4)
  2 large abominations
  A spriggan defender (Depths:4)
  4 draconian annihilators
  4 deep elf elementalists (Elf:3)
  2 draconian stormcallers
  Aizul (Vaults:2)
  17 ironheart preservers
  An ophan (Zig:4)
  7 war gargoyles
  9 ghouls
  35 stone giants
  22 very ugly things
  9 green draconians
  5 black draconians (Depths:5)
  6 vampire knights
  5 entropy weavers
  11 deep elf demonologists
  14 yellow draconians
  6 purple draconians
  2 white draconians (Depths:5)
  4 spark wasps
  4 red draconians
  6 deep elf annihilators
  An eidolon (Crypt:1)
  11 ettins
  A mummy priest (Tomb:1)
  Snorg (D:10)
  A green death (D:9)
  A minotaur (Lab)
  7 deep elf death magi
  15 great orbs of eyes
  4 jiangshi
  2 death oozes
  Josephine (Orc:2)
  11 fire dragons
  20 yaktaur captains
  A quicksilver dragon zombie (Depths:4)
  5 crystal guardians
  36 vault guards
  14 ogre magi
  13 naga warriors
  Harold (D:10)
  10 ice dragons
  Erolcha (Orc:1)
  Fannar (Lair:3)
  25 hydras
  3 death knights
  5 rakshasas
  3 spriggan air magi
  23 anacondas
  A quicksilver dragon skeleton (Crypt:3)
  8 alligators
  4 ghost crabs
  5 catoblepae
  15 centaur warriors
  56 two-headed ogres
  A satyr (Zig:5)
  7 deep troll shamans
  A satyr (shapeshifter) (Vaults:2)
  4 death scarabs (Tomb:1)
  3 tengu warriors
  3 vampire magi
  4 shock serpents
  2 orc high priests
  14 deep troll earth magi
  29 dancing weapons
  15 death yaks
  A sun demon (Zot:5)
  4 spriggan berserkers
  10 naga sharpshooters
  18 deep elf knights
  2 shock serpents (shapeshifter)
  3 soul eaters
  A storm dragon zombie (Crypt:1)
  A titan zombie (Vaults:5)
  A small abomination (Elf:3)
  Sonja (D:13)
  3 iron trolls
  3 shadow wraiths
  6 spriggans
  2 spriggan druids
  8 glowing orange brains
  A spectral anaconda (Depths:2)
  29 hell knights
  18 skeletal warriors
  2 unseen horrors
  2 golden dragon zombies
  5 salamander mystics
  An anaconda zombie (Crypt:3)
  A cherub (Zig:4)
  32 deep trolls
  4 wizards
  A shadow dragon zombie (Depths:4)
  8 ironbrand convokers
  5 naga ritualists
  A harpy (shapeshifter) (Vaults:1)
  7 flayed ghosts
  3 shambling mangroves
  5 lindwurms (Depths:5)
  13 deep elf archers
  4 death drakes
  64 deep elf magi
  8 swamp dragons
  An orb spider (Zig:1)
  2 harpies (Vaults:4)
  10 phantasmal warriors
  Pikel (D:8)
  2 wolf spider zombies
  60 ugly things
  13 necromancers
  7 wolf spiders
  A glowing shapeshifter (Vaults:5)
  4 orc sorcerers
  17 salamanders
  20 orc knights
  An iron dragon zombie (Crypt:3)
  8 mana vipers
  A manticore (shapeshifter) (D:14)
  3 shining eyes
  A stone giant zombie (Crypt:3)
  A moth of wrath (shapeshifter) (Vaults:5)
  15 cyclopes
  An iron dragon skeleton (Crypt:3)
  An oklob plant (Zot:3)
  3 manticores
  24 elephants
  5 rust devils
  A frost giant skeleton (Depths:2)
  12 guardian serpents
  An elephant (shapeshifter) (Vaults:5)
  2 human skeletons
  5 eyes of devastation
  18 vault sentinels
  A fire giant skeleton (Crypt:3)
  2 spiny frogs (shapeshifter)
  25 black mambas
  Joseph (Lair:1)
  A stone giant skeleton (Depths:2)
  11 naga magi
  11 moths of wrath
  3 centaur skeletons (D:15)
  2 orange demons
  A gargoyle (D:12)
  6 komodo dragons
  A shock serpent skeleton (Crypt:1)
  21 spiny frogs
  9 rime drakes
  3 tengu conjurers
  7 freezing wraiths
  A hellion (Depths:4)
  2 ice devils
  An elf skeleton (Vaults:5)
  A komodo dragon (shapeshifter) (Vaults:5)
  58 yaktaurs
  A yaktaur (shapeshifter) (Vaults:3)
  A troll (shapeshifter) (Depths:5)
  2 spectral merfolk (Depths:2)
  11 trolls
  An iron troll skeleton (Crypt:1)
  A tengu simulacrum (Vaults:3)
  2 jumping spiders (shapeshifter)
  7 tyrant leeches
  11 polar bears
  Prince Ribbit (D:6)
  16 hornets
  A wind drake (Depths:5)
  A jumping spider zombie (Crypt:1)
  A hydra skeleton (Crypt:3)
  A fire dragon zombie (Crypt:3)
  70 slime creatures
  10 bog bodies
  6 dream sheep (Lair:6)
  3 raiju (Depths:2)
  An alligator zombie (Crypt:2)
  5 hippogriffs (shapeshifter)
  2 ettin zombies
  2 blink frogs (shapeshifter)
  5 blink frogs
  36 flying skulls
  13 hippogriffs
  A fire giant simulacrum (Vaults:4)
  6 redbacks
  4 spriggans (shapeshifter) (Vaults:4)
  14 wraiths
  67 yaks
  An ushabti (Tomb:1)
  3 water elementals
  A yak (shapeshifter) (Vaults:4)
  9 shadows
  6 wyverns
  2 tarantellas
  4 vampires
  2 hogs (Swamp:3)
  3 basilisks
  2 hungry ghosts
  12 vampire mosquitoes
  10 steam dragons (Lair:2)
  A wind drake skeleton (Crypt:2)
  2 fire elementals
  4 golden eyes
  3 chaos spawn
  19 swamp worms
  10 wargs
  17 insubstantial wisps
  39 nagas
  A torturous demonspawn zombie (Crypt:1)
  A minotaur simulacrum (Depths:2)
  A soldier ant (shapeshifter) (Vaults:1)
  2 acid dragons
  8 hell hounds (Depths:2)
  A spectral spriggan (Depths:2)
  11 water moccasins
  14 porcupines
  2 spectral trolls (Depths:2)
  A merfolk skeleton (Crypt:3)
  2 hydra simulacra (Depths:2)
  9 black bears
  50 orc warriors
  2 sky beasts
  18 swamp drakes
  A floating eye (Depths:2)
  A snapping turtle zombie (Depths:2)
  9 necrophages
  A black bear (shapeshifter) (Vaults:3)
  An eye of draining (shapeshifter) (Vaults:4)
  An ice beast (D:10)
  18 boggarts
  5 wolves
  50 ogres
  7 eyes of draining
  30 centaurs
  A hog zombie (Crypt:2)
  2 phantoms
  12 crocodiles
  Blork the orc (D:6)
  An elf zombie (Crypt:2)
  A big kobold (D:9)
  A hippogriff zombie (Crypt:1)
  A salamander zombie (Crypt:2)
  A komodo dragon zombie (Crypt:1)
  20 bullfrogs
  3 earth elementals
  2 glowing shapeshifter simulacra
  A wyvern zombie (D:8)
  A gnoll sergeant (D:10)
  2 merfolk simulacra (Depths:2)
  2 scorpions
  An elf simulacrum (Vaults:4)
  2 spectral nagas (Depths:2)
  7 killer bees
  2 spectral ogres (Depths:2)
  2 spriggan zombies
  3 electric eels
  29 wights
  2 howler monkeys
  A spectral centaur (Depths:3)
  6 crimson imps
  2 bullfrog zombies
  3 centaur zombies
  4 hounds
  19 orc priests
  17 jellies
  A bullfrog skeleton (D:8)
  5 iguanas
  16 worker ants
  7 hell rats (Lair:4)
  37 orc wizards
  A centaur simulacrum (Depths:2)
  A hound zombie (D:10)
  2 mummies (Tomb:1)
  3 worker ant zombies
  Robin (D:3)
  6 gnolls
  15 adders
  A steam dragon skeleton (Crypt:1)
  8 shadow imps
  6 oozes
  An adder zombie (D:7)
  A lava snake zombie (Crypt:2)
  2 worms
  A barachi skeleton (Crypt:2)
  3 leopard geckos
  96 orcs
  6 giant cockroaches
  14 goblins
  7 hobgoblins
  A jackal (D:1)
  5 kobolds
  5 quokkas
  8 bats
  7 frilled lizards
  A leopard gecko zombie (D:5)
  11 rats
  A spectral orc (D:5)
  A briar patch (Swamp:4)
2618 creatures vanquished.

Vanquished Creatures (collateral kills)
  Vashnia (Snake:2)
  Nikola (Snake:1)
  Donald (Snake:2)
  A two-headed ogre (D:15)
  4 naga sharpshooters (Snake:2)
  2 orc high priests (Orc:2)
  A swamp dragon (Swamp:4)
  2 orc sorcerers (Orc:2)
  2 salamanders
  A swamp worm (Swamp:4)
  4 orc warriors (Orc:2)
  An ogre (D:15)
  A crimson imp (D:15)
  2 orc priests (Orc:2)
  An orc (Orc:2)
  A kobold (Snake:1)
26 creatures vanquished.

Vanquished Creatures (others)
  2 deep elf master archers (Elf:3)
  A stone giant (Vaults:5)
  A purple draconian (Depths:5)
  A yaktaur captain (Vaults:5)
  2 centaur warriors
  A shadow wraith (Vaults:4)
  2 deep elf archers
  A deep elf mage (Elf:2)
  A cyclops (Vaults:1)
  An ugly thing (Vaults:1)
  A rime drake (Lair:2)
  12 yaktaurs
  A polar bear (Vaults:1)
  A spriggan (Swamp:3)
  5 humans (Swamp:3)
  A swamp drake (Lair:4)
  6 centaurs
  An iguana (Lair:4)
  A white imp (Zot:5)
  7 fungi
  8 plants
57 creatures vanquished.

Grand Total: 2701 creatures vanquished

Notes
Turn   | Place    | Note
-------+----------+-------------------------------------------
     0 | D:1      | kuniqs the Vine Stalker Berserker began the quest for the Orb.
     0 | D:1      | Reached XP level 1. HP: 11/11 MP: 2/2
   377 | D:1      | Reached XP level 2. HP: 15/16 MP: 1/3
   723 | D:1      | Reached XP level 3. HP: 20/20 MP: 4/4
  1169 | D:2      | Reached ** piety under Trog
  1345 | D:2      | Gained mutation: Your natural rate of healing is unusually fast. [Vine Stalker growth]
  1345 | D:2      | Reached XP level 4. HP: 24/24 MP: 5/5
  2270 | D:3      | Noticed Robin
  2292 | D:3      | Killed Robin
  2292 | D:3      | Reached XP level 5. HP: 29/29 MP: 6/6
  2384 | D:3      | Reached *** piety under Trog
  2852 | D:4      | Noticed an ogre
  2858 | D:4      | Killed an ogre
  2858 | D:4      | Reached XP level 6. HP: 33/33 MP: 7/7
  3491 | D:5      | Entered Level 5 of the Dungeon
  3504 | D:5      | Found a sparkling altar of Nemelex Xobeh.
  3511 | D:5      | Noticed a sky beast
  3525 | D:5      | Killed a sky beast
  3625 | D:5      | You fall through a shaft for 2 floors!
  3684 | D:7      | Reached XP level 7. HP: 35/38 MP: 8/8
  3912 | D:5      | Found Ohenog's Antique Armour Emporium.
  3976 | D:5      | Found a snail-covered altar of Cheibriados.
  4064 | D:5      | Found a basalt altar of Yredelemnul.
  4238 | D:5      | Found an ancient bone altar of Kikubaaqudgha.
  4245 | D:5      | Reached skill level 5 in Fighting
  4245 | D:5      | Gained mutation: You have razor-sharp teeth. [Vine Stalker growth]
  4245 | D:5      | Reached XP level 8. HP: 43/43 MP: 9/9
  4270 | D:5      | Bought a large shield for 81 gold pieces
  4305 | D:5      | Found a hide-covered altar of Uskayaw.
  4305 | D:5      | Found an ornate altar of the Wu Jian Council.
  4310 | D:5      | Reached skill level 1 in Shields
  4366 | D:5      | Found a sacrificial altar of Ru.
  4583 | D:5      | Found a staircase to the Ecumenical Temple.
  4592 | Temple   | Entered the Ecumenical Temple
  5070 | D:6      | Noticed Prince Ribbit
  5074 | D:6      | Noticed Blork the orc
  5127 | D:6      | Killed Blork the orc
  5276 | D:6      | Killed Prince Ribbit
  5276 | D:6      | Reached skill level 5 in Short Blades
  5352 | D:6      | Found an opulent altar of Gozag.
  5488 | D:6      | Found a stormy altar of Qazlal.
  5507 | D:6      | Noticed an air elemental
  5507 | D:6      | Noticed a water elemental
  5515 | D:6      | Noticed a wyvern
  5522 | D:6      | Killed a wyvern
  5522 | D:6      | Reached **** piety under Trog
  5887 | D:6      | Reached XP level 9. HP: 47/47 MP: 10/10
  6492 | D:7      | Reached skill level 5 in Dodging
  6821 | D:8      | Found a staircase to the Lair.
  6888 | D:7      | Reached skill level 5 in Armour
  6888 | D:7      | Reached skill level 5 in Shields
  7066 | D:8      | Reached XP level 10. HP: 45/53 MP: 11/11
  7154 | D:8      | Found a shattered altar of Ashenzari.
  7154 | D:8      | Found a white marble altar of Elyvilon.
  7310 | D:8      | Reached ***** piety under Trog
  7374 | D:8      | Found a sacrificial altar of Ru.
  7747 | D:8      | Noticed Pikel
  7762 | D:8      | Killed Pikel
  7954 | D:9      | Found an iron altar of Okawaru.
  8012 | D:9      | Reached skill level 1 in Evocations
  8804 | D:10     | Entered Level 10 of the Dungeon
  8969 | D:10     | Noticed Harold
  8986 | D:10     | Killed Harold
  8986 | D:10     | Reached XP level 11. HP: 58/58 MP: 13/13
  8987 | D:10     | BREAK YOUR STREAK NOON
  8989 | D:10     | Noticed Snorg
  9196 | D:10     | Killed Snorg
  9918 | D:11     | Noticed a two-headed ogre
  9924 | D:11     | Killed a two-headed ogre
 10601 | D:12     | Gained mutation: You are frail. (-10% HP) [potion of mutation]
 10601 | D:12     | Gained mutation: You are partially covered in slimy green scales. (AC +2) [potion of mutation]
 10601 | D:12     | Gained mutation: You have a pair of small horns on your head. [potion of mutation]
 10630 | D:12     | Noticed a cyclops
 10640 | D:12     | Killed a cyclops
 10653 | D:12     | Noticed a cyclops
 10675 | D:12     | Killed a cyclops
 11000 | D:12     | Received a gift from Trog
 11009 | D:12     | Gained mutation: You heal very quickly. [Vine Stalker growth]
 11009 | D:12     | Reached XP level 12. HP: 57/57 MP: 16/16
 11590 | D:12     | Found a staircase to the Orcish Mines.
 12093 | D:13     | Noticed a centaur warrior
 12105 | D:13     | Killed a centaur warrior
 12378 | D:13     | Noticed a two-headed ogre
 12384 | D:13     | Killed a two-headed ogre
 12508 | D:13     | Noticed a four-headed hydra
 12515 | D:13     | Killed a four-headed hydra
 12554 | D:13     | Noticed Sonja
 12561 | D:13     | Killed Sonja
 12721 | D:13     | ARGH
 12821 | D:14     | Noticed a six-headed hydra
 12831 | D:14     | Killed a six-headed hydra
 12861 | D:14     | Noticed a two-headed ogre
 12894 | D:14     | Killed a two-headed ogre
 12894 | D:14     | Reached skill level 5 in Evocations
 12926 | D:14     | Identified the cursed +2 spear "Sufes" {freeze, *Slow +Fly rF+} (You found it on level 14 of the Dungeon)
 12942 | D:14     | Found a labyrinth entrance.
 12972 | Lab      | Entered a labyrinth
 13007 | Lab      | Noticed a minotaur
 13023 | Lab      | Killed a minotaur
 13083 | D:14     | Noticed a two-headed ogre
 13092 | D:14     | Killed a two-headed ogre
 13092 | D:14     | Reached skill level 1 in Stealth
 13213 | D:14     | Found a basalt altar of Yredelemnul.
 13236 | D:14     | Reached XP level 13. HP: 62/62 MP: 18/18
 13240 | D:14     | Reached skill level 10 in Shields
 13612 | D:14     | Found a gate to the Vaults.
 13612 | D:14     | Noticed a vault guard
 13612 | D:14     | Noticed a vault guard
 13612 | D:14     | Noticed a vault guard
 13613 | D:14     | Noticed a vault guard
 13683 | D:13     | Killed a vault guard
 13692 | D:13     | Killed a vault guard
 13692 | D:13     | Received a gift from Trog
 13846 | D:14     | Killed a vault guard
 13962 | D:14     | Killed a vault guard
 14119 | D:15     | Entered Level 15 of the Dungeon
 14303 | Lair:1   | Entered Level 1 of the Lair of Beasts
 14451 | Lair:1   | Noticed Joseph
 14458 | Lair:1   | Killed Joseph
 15649 | Lair:2   | Reached skill level 5 in Stealth
 15912 | Lair:2   | Reached XP level 14. HP: 67/67 MP: 20/20
 16003 | Lair:2   | Found a staircase to the Snake Pit.
 16428 | Lair:3   | Noticed Fannar
 16442 | Lair:3   | Killed Fannar
 16805 | Lair:3   | Paralysed by a hornet for 2 turns
 17761 | Lair:4   | Found a staircase to the Swamp.
 17869 | Lair:4   | Reached ****** piety under Trog
 18475 | Lair:5   | Reached skill level 10 in Fighting
 18531 | Lair:5   | Received a gift from Trog
 18563 | Lair:5   | Identified a scroll of acquirement
 18963 | Lair:5   | Lost mutation: You have a pair of small horns on your head. [potion of mutation]
 18963 | Lair:5   | Lost mutation: You are frail. (-10% HP) [potion of mutation]
 18963 | Lair:5   | Lost mutation: You are partially covered in slimy green scales. (AC +2) [potion of mutation]
 18963 | Lair:5   | Gained mutation: Your flesh is heat resistant. (rF+) [potion of mutation]
 18963 | Lair:5   | Gained mutation: You are occasionally teleported next to monsters. [potion of mutation]
 18963 | Lair:5   | Gained mutation: You have a pair of small horns on your head. [potion of mutation]
 18964 | Lair:5   | Lost mutation: You have a pair of small horns on your head. [potion of mutation]
 18964 | Lair:5   | Lost mutation: Your flesh is heat resistant. (rF+) [potion of mutation]
 18964 | Lair:5   | Lost mutation: You are occasionally teleported next to monsters. [potion of mutation]
 18964 | Lair:5   | Gained mutation: You are resistant to hostile enchantments. (MR+) [potion of mutation]
 18964 | Lair:5   | Gained mutation: You occasionally shout uncontrollably at your foes. [potion of mutation]
 18964 | Lair:5   | Gained mutation: You have a pair of small antennae on your head. [potion of mutation]
 19710 | Lair:6   | Entered Level 6 of the Lair of Beasts
 19734 | Lair:6   | Reached XP level 15. HP: 72/80 MP: 23/23
 19780 | Lair:6   | Reached skill level 10 in Evocations
 20827 | Lair:6   | Found a staircase to the Slime Pits.
 21424 | Orc:1    | Entered Level 1 of the Orcish Mines
 21574 | Orc:1    | Received a gift from Trog
 21871 | Orc:2    | Entered Level 2 of the Orcish Mines
 21871 | Orc:2    | Noticed Josephine
 21893 | Orc:2    | Killed Josephine
 22067 | Orc:2    | Noticed an orc warlord
 22090 | Orc:2    | Killed an orc warlord
 22197 | Orc:2    | Found a staircase to the Elven Halls.
 22345 | Orc:1    | Noticed Erolcha
 22350 | Orc:1    | Killed Erolcha
 22350 | Orc:1    | Reached skill level 10 in Dodging
 22427 | Orc:1    | Reached skill level 10 in Stealth
 22728 | Orc:2    | Reached XP level 16. HP: 81/87 MP: 25/25
 22816 | Orc:2    | Reached skill level 10 in Armour
 22824 | Orc:2    | Received a gift from Trog
 22837 | Orc:2    | Found Enuimuh's Magic Scroll Emporium.
 22837 | Orc:2    | Found Garrimoi's General Store.
 22851 | Orc:2    | Found Joaff's General Store.
 22851 | Orc:2    | Found Kufef's Book Shop.
 22864 | Orc:2    | Bought a scroll of silence for 75 gold pieces
 22864 | Orc:2    | Bought a scroll of noise for 10 gold pieces
 23575 | D:15     | Found a white marble altar of Elyvilon.
 24216 | D:15     | Found a staircase to the Depths.
 24702 | Swamp:1  | Entered Level 1 of the Swamp
 24914 | D:5      | Bought a runed plate armour for 468 gold pieces
 25381 | Swamp:1  | Noticed Roxanne
 26569 | Swamp:3  | Noticed Kirke
 26601 | Swamp:3  | Killed Kirke
 26667 | Swamp:3  | Reached XP level 17. HP: 93/93 MP: 27/27
 26741 | Swamp:3  | Received a gift from Trog
 27108 | Swamp:3  | Noticed Jorgrun
 27135 | Swamp:3  | Killed Jorgrun
 27660 | Swamp:4  | Entered Level 4 of the Swamp
 27660 | Swamp:4  | Noticed Bai Suzhen
 27750 | Swamp:4  | Killed Bai Suzhen
 28378 | Swamp:4  | Received a gift from Trog
 28604 | Swamp:4  | Got a decaying rune of Zot
 29033 | Snake:1  | Entered Level 1 of the Snake Pit
 29155 | Snake:1  | Received a gift from Trog
 29255 | Snake:1  | Noticed Nikola
 29282 | Snake:1  | Killed Nikola
 29390 | Snake:1  | Found a flickering gateway to a bazaar.
 29458 | Bazaar   | Entered a bazaar
 29460 | Bazaar   | Found Luemn's Assorted Antiques.
 29465 | Bazaar   | Found Aghaoses's General Store.
 29465 | Bazaar   | Found Naess's Antique Armour Boutique.
 29466 | Bazaar   | Found Batexten's Weapon Boutique.
 29495 | Bazaar   | Bought a scroll of identify for 72 gold pieces
 29495 | Bazaar   | Bought a scroll of identify for 72 gold pieces
 29495 | Bazaar   | Bought a scroll of teleportation for 108 gold pieces
 29495 | Bazaar   | Bought a potion of might for 144 gold pieces
 29495 | Bazaar   | Bought a scroll of fog for 72 gold pieces
 29821 | Snake:2  | Reached XP level 18. HP: 85/98 MP: 29/29
 29873 | Snake:2  | Noticed Vashnia
 29899 | Snake:2  | Killed Vashnia
 29968 | Snake:2  | Found Ocliapsa's Magic Scroll Shop.
 29968 | Snake:2  | Found Vupateck's Weapon Boutique.
 29989 | Snake:2  | Bought a scroll of fog for 20 gold pieces
 29989 | Snake:2  | Bought a scroll of silence for 75 gold pieces
 29989 | Snake:2  | Bought a scroll of recharging for 95 gold pieces
 29989 | Snake:2  | Bought a scroll of magic mapping for 35 gold pieces
 29989 | Snake:2  | Bought a scroll of blinking for 75 gold pieces
 30292 | Snake:2  | Noticed Asterion
 30308 | Snake:2  | Killed Asterion
 30517 | Snake:2  | Noticed Donald
 30532 | Snake:2  | Killed Donald
 31100 | Snake:3  | Noticed Mara
 31144 | Snake:4  | Entered Level 4 of the Snake Pit
 31372 | Snake:4  | Received a gift from Trog
 32105 | Snake:4  | Reached XP level 19. HP: 104/104 MP: 30/30
 32242 | Snake:4  | Received a gift from Trog
 32457 | Snake:4  | Got a serpentine rune of Zot
 33385 | Snake:3  | Noticed kuniqs's illusion
 33692 | Elf:1    | Entered Level 1 of the Elven Halls
 33796 | Elf:1    | Found an ancient bone altar of Kikubaaqudgha.
 33888 | Elf:1    | Fell from the grace of Trog
 34139 | D:5      | Became a worshipper of Uskayaw the Reveler
 34749 | D:13     | Reached * piety under Uskayaw
 34758 | D:13     | Reached ** piety under Uskayaw
 34764 | D:13     | Reached *** piety under Uskayaw
 34766 | D:13     | Reached **** piety under Uskayaw
 35332 | Vaults:1 | Entered Level 1 of the Vaults
 35388 | Vaults:1 | Reached ***** piety under Uskayaw
 35399 | Vaults:1 | Reached ****** piety under Uskayaw
 35913 | Vaults:1 | Found a portal to a secret trove of treasure.
 35946 | Vaults:1 | Reached skill level 15 in Shields
 35967 | Vaults:1 | Reached skill level 1 in Invocations
 36407 | Vaults:1 | Reached skill level 2 in Invocations
 36457 | Vaults:1 | Reached skill level 3 in Invocations
 37353 | Vaults:1 | Reached skill level 4 in Invocations
 37906 | Vaults:1 | Reached skill level 5 in Invocations
 38554 | Vaults:1 | Reached skill level 6 in Invocations
 38816 | Vaults:1 | Reached skill level 7 in Invocations
 39628 | Vaults:1 | Reached XP level 20. HP: 110/110 MP: 31/31
 39679 | Vaults:1 | Reached skill level 8 in Invocations
 39829 | Vaults:1 | Reached skill level 9 in Invocations
 39832 | Vaults:1 | Identified the +2 pair of gloves "Xumnau" {+Inv rPois MR+ Dex-5} (You found it on level 1 of the Vaults)
 40638 | Vaults:2 | Noticed Aizul
 40670 | Vaults:2 | Killed Aizul
 40742 | Vaults:2 | Reached skill level 10 in Invocations
 41373 | Vaults:2 | Found Qoreeh's Book Emporium.
 41454 | Vaults:2 | Reached skill level 11 in Invocations
 41587 | Vaults:2 | Reached skill level 12 in Invocations
 43658 | Vaults:3 | Reached skill level 13 in Invocations
 44338 | Vaults:3 | Identified the +1 pair of boots of the Frog {rF- rN+ MR- Int+8} (You found it on level 3 of the Vaults)
 44343 | Vaults:3 | Found Vyboclis's Magic Scroll Emporium.
 44554 | Vaults:3 | Reached XP level 21. HP: 104/114 MP: 32/32
 44892 | Vaults:3 | Reached skill level 14 in Invocations
 45747 | Vaults:3 | Was forgiven by Trog
 45777 | Vaults:3 | Reached skill level 15 in Invocations
 45868 | Vaults:3 | Found a staircase to the Crypt.
 46475 | Vaults:4 | Noticed Margery
 46488 | Vaults:4 | Killed Margery
 47869 | Vaults:4 | Reached XP level 22. HP: 107/121 MP: 34/34
 48299 | Vaults:4 | Identified the cursed +0 rapier of the Big Bang {chaos, *Noise rN++ Dex+7} (You found it on level 4 of the Vaults)
 49064 | Crypt:1  | Entered Level 1 of the Crypt
 50203 | Crypt:2  | Noticed Mennas
 50260 | Crypt:2  | Killed Mennas
 50423 | Crypt:2  | Reached skill level 16 in Invocations
 50776 | Crypt:3  | Entered Level 3 of the Crypt
 51392 | Crypt:3  | Reached skill level 15 in Fighting
 51537 | Crypt:3  | Reached XP level 23. HP: 84/126 MP: 36/36
 51692 | Crypt:3  | Found a basalt altar of Yredelemnul.
 51692 | Crypt:3  | Noticed an ancient lich
 51711 | Crypt:3  | Killed an ancient lich
 51950 | Crypt:3  | Found a staircase to the Tomb.
 51959 | Tomb:1   | Entered Level 1 of the Tomb of the Ancients
 52878 | Slime:1  | Entered Level 1 of the Pits of Slime
 53237 | Slime:5  | Entered Level 5 of the Pits of Slime
 53320 | Slime:5  | Found a viscous altar of Jiyva.
 53322 | Slime:5  | Noticed the Royal Jelly
 53333 | Slime:5  | Killed the Royal Jelly
 53392 | Slime:5  | Got a scintillating emerald amulet
 53393 | Slime:5  | Identified the amulet of Fammid {Gourm rN+ Dex+4} (You found it on level 5 of the Pits of Slime)
 53430 | Slime:5  | Got a slimy rune of Zot
 53432 | Slime:5  | Identified the ring "Icuo" {*Drain rC+++ MR+ MP+9 Int-2} (You found it on level 5 of the Pits of Slime)
 53517 | Slime:5  | Identified the Reference Book on Translocation and Sinister Rites
 54530 | Elf:2    | Found Fuwniti's Jewellery Boutique.
 54551 | Elf:2    | Reached skill level 17 in Invocations
 54595 | Elf:2    | Bought a +3 amulet of reflection for 266 gold pieces
 54666 | Elf:2    | Found an ancient bone altar of Kikubaaqudgha.
 54704 | Elf:2    | Reached XP level 24. HP: 133/133 MP: 36/36
 54853 | Elf:2    | Found a huge runed gate.
 54853 | Elf:2    | Found a huge runed gate.
 54853 | Elf:2    | Found a huge runed gate.
 54853 | Elf:2    | Found a huge runed gate.
 54853 | Elf:2    | Found a huge runed gate.
 55532 | Elf:3    | Entered Level 3 of the Elven Halls
 55648 | Elf:3    | Reached skill level 15 in Armour
 56386 | Elf:3    | Reached skill level 15 in Dodging
 56393 | Elf:3    | Identified the +1 chain mail of Binawext {rElec Int+3} (You took it off a deep elf blademaster on level 3 of the Elven Halls)
 56521 | Elf:3    | Got a sparkling iron ring
 56522 | Elf:3    | Identified the ring of Tezuatip {+Blink +Inv rC+ Stlth+} (You found it on level 3 of the Elven Halls)
 56584 | Elf:3    | Got a smoking rapier
 56588 | Elf:3    | Identified the cursed +0 rapier of Noon {pain, Int+2} (You found it on level 3 of the Elven Halls)
 57189 | Vaults:5 | Entered Level 5 of the Vaults
 57372 | Vaults:5 | Found Pemas's Armour Shop.
 57392 | Vaults:5 | Reached XP level 25. HP: 119/139 MP: 36/36
 57960 | Vaults:5 | Reached skill level 18 in Invocations
 57970 | Vaults:5 | Found Olufesch's Gadget Shoppe.
 57983 | Vaults:5 | Found Zingo's Antique Armour Shoppe.
 58336 | Vaults:5 | Got a silver rune of Zot
 58526 | Vaults:5 | Found Bituqi's Distillery.
 58535 | Vaults:5 | Bought a potion of resistance for 190 gold pieces
 58535 | Vaults:5 | Bought a potion of haste for 190 gold pieces
 58535 | Vaults:5 | Bought a potion of agility for 76 gold pieces
 58535 | Vaults:5 | Bought a potion of curing for 57 gold pieces
 58535 | Vaults:5 | Bought a potion of curing for 57 gold pieces
 58535 | Vaults:5 | Bought a potion of curing for 57 gold pieces
 58535 | Vaults:5 | Bought a potion of berserk rage for 95 gold pieces
 58585 | Vaults:5 | Found Lifac's Distillery.
 58602 | Vaults:5 | Bought a potion of cancellation for 112 gold pieces
 58602 | Vaults:5 | Bought a potion of might for 56 gold pieces
 58610 | Vaults:5 | Found Cuv Saoj's Food Shoppe.
 58632 | Vaults:5 | Found Sireim's Antique Weapon Boutique.
 59543 | Orc:2    | Bought a potion of agility for 48 gold pieces
 59760 | Depths:1 | Entered Level 1 of the Depths
 59760 | Depths:1 | Found a gateway to Hell.
 60124 | Depths:1 | Reached XP level 26. HP: 145/145 MP: 37/37
 60241 | Depths:1 | Found a hazy altar of Hepliaklqana.
 61016 | Depths:1 | Identified Tutez's Handbook of Beguiling and Confrontation
 61355 | Depths:2 | Got a bound ivory amulet
 61356 | Depths:2 | Identified the amulet of Deuddas {rElec rF+ Regen+ Int+10 Dex-5} (You found it on level 2 of the Depths)
 61498 | Depths:2 | Reached skill level 19 in Invocations
 61744 | Depths:2 | Reached XP level 27. HP: 150/150 MP: 37/37
 61780 | Depths:2 | Paralysed by a floating eye for 3 turns
 62652 | Depths:3 | Found Medumm's Gadget Boutique.
 62652 | Depths:3 | Found Reig's Jewellery Shoppe.
 62653 | Depths:3 | Found Xarauvua's Gadget Boutique.
 63185 | Depths:3 | Found a one-way gate leading to the halls of Pandemonium.
 63663 | Depths:4 | Found a gateway to a ziggurat.
 63676 | Zig:1    | Entered Level 1 of a ziggurat
 63708 | Zig:2    | Entered Level 2 of a ziggurat
 63756 | Zig:3    | Entered Level 3 of a ziggurat
 63805 | Zig:4    | Entered Level 4 of a ziggurat
 63896 | Zig:5    | Entered Level 5 of a ziggurat
 63950 | Zig:6    | Entered Level 6 of a ziggurat
 64010 | Zig:6    | Got a shimmering turquoise ring
 64306 | Depths:4 | Identified the +2 buckler of Benevolence {+Blink} (You acquired it on level 4 of the Depths)
 64350 | Depths:4 | Found a one-way gate to the infinite horrors of the Abyss.
 64475 | Depths:4 | Identified the ring of Ozoqyvvo {Ice *Corrode rElec rN+++ Int+4} (You found it on level 6 of a ziggurat)
 65095 | Depths:5 | Entered Level 5 of the Depths
 65146 | Depths:5 | Found Zybakhluif's Antique Armour Shoppe.
 65154 | Depths:5 | Bought a glowing cloak for 382 gold pieces
 65871 | Depths:5 | Reached skill level 20 in Invocations
 66944 | Depths:5 | Found a gate to the Realm of Zot.
 67073 | Depths:5 | Got a translucent turquoise ring
 67150 | Zot:1    | Entered Level 1 of the Realm of Zot
 67519 | Zot:1    | Identified the ring of Midsummer {+Fly rC+ rN+ Int-4} (You took it off a purple draconian on level 5 of the Depths)
 68855 | Zot:5    | Entered Level 5 of the Realm of Zot
 69389 | Zot:5    | Noticed an ancient lich
 69393 | Zot:5    | Noticed an orb of fire
 69393 | Zot:5    | Noticed an orb of fire
 69412 | Zot:5    | Gained mutation: You are frail. (-10% HP) [an orb of fire]
 69413 | Zot:5    | Killed an orb of fire
 69415 | Zot:5    | Killed an orb of fire
 69422 | Zot:5    | Noticed an orb of fire
 69436 | Zot:5    | Killed an orb of fire
 69454 | Zot:5    | Reached skill level 21 in Invocations
 69530 | Zot:5    | Lost mutation: You have a pair of small antennae on your head. [potion of mutation]
 69530 | Zot:5    | Lost mutation: You are frail. (-10% HP) [potion of mutation]
 69530 | Zot:5    | Lost mutation: You occasionally shout uncontrollably at your foes. [potion of mutation]
 69530 | Zot:5    | Lost mutation: You are resistant to hostile enchantments. (MR+) [potion of mutation]
 69530 | Zot:5    | Gained mutation: Scrolls take you a little longer to read. [potion of mutation]
 69530 | Zot:5    | Gained mutation: You have sharp toenails. [potion of mutation]
 69531 | Zot:5    | Lost mutation: Scrolls take you a little longer to read. [potion of mutation]
 69531 | Zot:5    | Lost mutation: You have sharp toenails. [potion of mutation]
 69531 | Zot:5    | Gained mutation: Your body sometimes deteriorates upon taking damage. [potion of mutation]
 69531 | Zot:5    | Gained mutation: Your muscles are strong. (Str +2) [potion of mutation]
 69531 | Zot:5    | Gained mutation: Your flesh is cold resistant. (rC+) [potion of mutation]
 69534 | Zot:5    | Got the Orb of Zot
 69584 | Zot:5    | Noticed Sorobram the pandemonium lord
 69601 | Zot:5    | Killed Sorobram the pandemonium lord
 69615 | Zot:5    | Noticed an ancient lich
 69621 | Zot:5    | Killed an ancient lich
 70132 | D:8      | Noticed Fympaphe the pandemonium lord
 70297 | D:$      | Escaped with the Orb!

Vault maps used:
D:1:      nicolae_arrival_somewhat_less_tricky_arrival, minmay_hexomino_p4
D:2:      serial_bayou_lagoon_a, minmay_misc_feat_doors
D:3:      uniq_robin
D:4:      first_bread, minmay_tree_intersection
D:5:      nemelex_xobeh_ov_fountains_minmay,
          yredelemnul_forgotten_temple_becter, kiku_gazebo_garden_becter,
          nicolae_overflow_quartered_altars, minmay_temple_entry_poolview,
          serial_shops, shop
D:6:      nicolae_qazlal_style_of_elements, grunt_gozag_breadcrumbs,
          uniq_prince_ribbit1, uniq_blork_the_orc
D:8:      grunt_temple_overflow_open, minmay_lair_entry_grove, serial_curves,
          eino_curves_03, eino_curves_01, hangedman_little_slice_of_home,
          kennysheep_flooded_box, uniq_pikel
D:9:      okawaru_gym_becter
D:10:     kennysheep_generic_room_16, uniq_snorg, uniq_harold
D:12:     david_orc_4
D:13:     kennysheep_minor_cross, serial_bayou_ford_a, uniq_sonja
D:14:     lightli_vaults_fourway_checkpoint, yredelemnul_altar_generic,
          lab_entry_generic
D:15:     hangedman_depths_entry_civil_slaughter, elyvilon_altar_5
Temple:   cyrus_temple_forest
Lair:1:   patterned_corridor, grunt_megastairs_3, uniq_joseph
Lair:2:   minmay_snake_entry_guardpost_small, bobbens_dragon_lair_wall,
          grunt_megastairs_2
Lair:3:   beast_lair_carwin_6, uniq_fannar
Lair:4:   minmay_swamp_entry_reptiles, lemuel_fruit_tree
Lair:5:   beast_lair_carwin_large_2
Lair:6:   evilmike_catoblepas_cave, dpeg_slime_entry_corner,
          lemuel_fruit_fields, serial_bayou_shore_a
Swamp:1:  nicolae_swamp_round_clearing, uniq_roxanne
Swamp:2:  infiniplex_staircase_pool
Swamp:3:  infiniplex_staircase_pool_2, uniq_jorgrun, uniq_kirke
Swamp:4:  swamp, swamp_pool5, uniq_bai_suzhen
Snake:1:  serial_shops, bzr_entry_customers, uniq_nikola
Snake:2:  minmay_shoptagon, uniq_asterion, uniq_vashnia, uniq_donald
Snake:3:  uniq_mara
Snake:4:  grunt_snake_rune_serpentine_throne
Slime:3:  nicolae_slime_round_cave
Orc:1:    guppyfry_library_mini, uniq_erolcha
Orc:2:    grunt_orc_tribal_feast, uniq_josephine
Elf:1:    basic_altar, hangedman_elf_disciples, due_unseen_surprise
Elf:2:    serial_shops, shop, basic_altar
Elf:3:    grunt_elf_hall_asides
Vaults:1: ontoclasm_vaults_spin, v_rooms_1, vaults_standard_mumra_lines,
          nicolae_vaults_little_squares_1, vaults_room_door_ring,
          hangedman_vaults_snaps, v_misc_14, v_misc_29,
          vaults_dpeg_encased_lava, ontoclasm_vaults_bender,
          grunt_vaults_hallway_short, vaults_room_hangedman_quadrants,
          enter_trove_0
Vaults:2: vaults_standard_mumra_x, hangedman_vaults_restitches,
          vaults_room_door_ring, v_pattern_5, v_misc_9,
          vaults_room_grunt_arrival_checkpoint, v_misc_11, serial_shops,
          nicolae_shop_waterfront, uniq_aizul
Vaults:3: minmay_crypt_entry_simple_statues, hangedman_vaults_river_flow,
          ontoclasm_vaults_gallery, vaults_room_semicircle,
          vaults_room_semicircle, serial_shops, shop
Vaults:4: nicolae_vaults_sealed_display, nicolae_vaults_three_branches,
          vaults_mumra_minichess, v_pattern_2, nicolae_vaults_triangles,
          vaults_mumra_hexcomb, nicolae_vaults_diagonal_hallway_8,
          nicolae_vaults_c_with_doors, nicolae_vaults_hallways_thing,
          vaults_dpeg_cross, vaults_room_octagon, nicolae_vaults_specimen_jars,
          nicolae_vaults_circle_grid_a, ontoclasm_vaults_twist, uniq_margery
Crypt:1:  grunt_megastairs_1
Crypt:2:  uniq_mennas
Crypt:3:  cryptofortress_bobbens
Depths:1: minmay_tearing_corner, lemuel_statue_altar, hangedman_coc_ice_floe,
          minmay_metal_thing
Depths:2: lemuel_river_lethe, hell_entry
Depths:3: nicolae_whirlpool, pan_entry, hell_entry, minmay_staircase_bubble,
          minmay_shop_grove
Depths:4: minmay_the_grid_octo_triangle, enter_ziggurat_e, grunt_metal_band,
          abyss_entry, pan_entry, minmay_misc_feat_columns,
          kennysheep_cluttered_room, kennysheep_just_a_vault
Depths:5: lemuel_castle_with_subvaults, hell_entry, serial_shops, shop,
          pan_entry
Zot:1:    st_single_dragon_hoard_3
Zot:3:    lemuel_acid_trip, st_stairs_10
Zot:5:    grunt_ministairs_6, hangedman_zot_decor_scrapings
Lab:      labyrinth_mini_lab, nicolae_lab_blocks, nicolae_lab_garden,
          labyrinth_fake_exit
Bazaar:   bazaar_minmay_cross

Skill      XL: |  1  2  3  4  5  6  7  8  9 10 11 12 13 14 15 16 17 18 19 20 21 22 23 24 25 26 27 |
---------------+----------------------------------------------------------------------------------+-----
Fighting       | 3 4 5 6 7 8 9 10 11 12 13 14 15 16 17 19 | 19.8
Short Blades   | 3 4 5 6 7 8 |  8.1
Armour         | 2 3 4 5 6 7 8 9 10 11 12 13 14 15 16 18 | 18.5
Dodging        | 2 3 4 5 6 7 8 9 10 11 12 13 14 15 16 18 | 18.3
Shields        | 3 5 7 8 9 11 12 13 14 15 16 17 18 20 | 20.5
Evocations     | 2 4 5 7 9 11 12 13 | 13.5
Stealth        | 1 5 7 10 11 12 | 12.6
Invocations    | 7 13 15 16 17 18 19 21 | 21.3

Action                   |  1- 3 |  4- 6 |  7- 9 | 10-12 | 13-15 | 16-18 | 19-21 | 22-24 | 25-27 || total
-------------------------+-------+-------+-------+-------+-------+-------+-------+-------+-------++-------
Melee: Short sword       |    56 |       |       |   700 |   951 |       |       |       |       ||  1707
       Bite              |     9 |    54 |   163 |   360 |   879 |  1032 |  1470 |  1131 |  1653 ||  6751
       Dagger            |     6 |   161 |   406 |   122 |       |       |       |       |       ||   695
       Headbutt          |       |       |       |   112 |   364 |       |       |       |       ||   476
       Quick blade       |       |       |       |       |   807 |  2102 |  2684 |  2042 |  3261 || 10896
Throw: Throwing net      |       |       |       |       |     1 |       |       |       |     2 ||     3
Invok: Berserk           |     6 |     4 |     8 |    22 |    19 |    16 |       |       |       ||    75
       Burn Spellbooks   |       |     1 |       |     4 |     1 |     3 |       |       |       ||     9
       Trog's Hand       |       |       |     1 |       |     2 |     3 |       |       |       ||     6
       Brothers in Arms  |       |       |       |     2 |     1 |    14 |       |       |       ||    17
       Renounce Religion |       |       |       |       |       |       |     1 |       |       ||     1
       Grand Finale      |       |       |       |       |       |       |     1 |     2 |       ||     3
       Line Pass         |       |       |       |       |       |       |     2 |     4 |     3 ||     9
Evoke: Wand              |       |       |     1 |     8 |     1 |     5 |    11 |     9 |    10 ||    45
       Lightning rod     |       |       |       |       |     1 |     3 |     4 |     4 |     5 ||    17
       Lamp of fire      |       |       |       |       |     1 |       |     2 |     1 |       ||     4
  Use: Scroll            |     2 |     3 |     2 |    12 |    19 |    10 |    22 |    17 |    29 ||   116
       Potion            |     2 |     2 |       |     2 |     6 |     3 |     1 |     2 |    14 ||    32
 Stab: Paralysed         |       |       |       |     5 |       |     2 |   123 |   145 |   239 ||   514
       Sleeping          |       |       |       |     2 |       |    11 |    16 |    25 |       ||    54
       Distracted        |       |       |       |     1 |       |     3 |     7 |     3 |       ||    14
       Confused          |       |       |       |       |     6 |     1 |       |     1 |     2 ||    10
       Held in net/web   |       |       |       |       |     1 |       |       |       |     1 ||     2
       Petrified         |       |       |       |       |     2 |       |       |       |       ||     2
  Eat: Chunk             |     7 |    12 |    16 |    34 |    49 |    45 |    34 |    15 |    19 ||   231
       Fruit             |       |       |     2 |     4 |     2 |     6 |    12 |       |    16 ||    42
       Royal jelly       |       |       |       |     2 |       |     1 |     4 |     9 |       ||    16
       Meat ration       |       |       |       |       |       |       |       |       |     3 ||     3
Armor: Animal skin       |    10 |       |       |       |       |       |       |       |       ||    10
       Ring mail         |     1 |    14 |       |       |       |       |       |       |       ||    15
       Chain mail        |       |    33 |   117 |   171 |   406 |    47 |       |     5 |       ||   779
       Troll leather arm |       |       |       |    38 |       |       |       |       |       ||    38
       Plate armour      |       |       |       |       |       |    80 |       |    42 |   492 ||   614
       Swamp dragon scal |       |       |       |       |       |   195 |   226 |   164 |       ||   585
       Gold dragon scale |       |       |       |       |       |       |       |       |   132 ||   132
Dodge: Dodged            |    30 |    73 |    82 |   149 |   368 |   411 |   474 |   339 |   483 ||  2409
Block: Large shield      |       |       |   122 |   551 |    66 |    64 |  1579 |  1053 |  1756 ||  5191
       Shield            |       |       |       |       |   737 |   652 |       |       |       ||  1389
       Reflection        |       |       |       |       |       |    16 |   130 |    52 |    31 ||   229
